 Dungeon Crawl Stone Soup version 0.30.1-11-g7821555f0a (webtiles) character file.

Game seed: 18082096764287247975

493 Gladio the Cudgeller (level 7, -9/84 HPs)
             Began as a Human Fighter on Oct 30, 2023.
             Mangled by an ogre
             ... wielding a +0 giant club
              (14 damage)
             ... on level 5 of the Dungeon.
             The game lasted 00:06:19 (4132 turns).

Gladio the Cudgeller (Human Fighter)                Turns: 4132, Time: 00:06:20

Health: -9/84      AC: 23    Str: 18    XL:     7   Next: 37%
Magic:  7/7        EV:  2    Int:  9    God:
Gold:   125        SH:  4    Dex: 12    Spells: 6/6 levels left

rFire   . . .        a - +0 flail
rCold   . . .        c - +0 buckler
rNeg    . . .        i - melded +0 chain mail
rPois   +            (helmet currently unavailable)
rElec   .            y - melded +0 cloak
rCorr   .            g - melded +0 pair of gloves
SInv    .            (boots currently unavailable)
Will    .....        (no amulet)
Stlth   +            (no ring)
HPRegen 0.34/turn    (no ring)
MPRegen 0.10/turn

%: no passive effects
@: tree-form
A: stationary, stasis, torment immunity, boosted hp
a: no special abilities


You were on level 5 of the Dungeon.
You were a tree.
You visited 1 branch of the dungeon, and saw 5 of its levels.

You collected 203 gold pieces.
You spent 78 gold pieces at shops.

Inventory:

Hand Weapons
 a - a +0 flail (weapon)
 u - a +1 whip of flaming
Missiles
 n - 6 boomerangs (quivered)
 t - 3 poisoned darts
Armour
 b - a +0 scale mail
 c - a +0 buckler (worn)
 g - a +0 pair of gloves (melded)
 i - a +0 chain mail (melded)
 y - a +0 cloak (melded)
Jewellery
 o - the ring "Acoqe Voemn" {Fly rPois rC- Int+3}
   (You found it on level 4 of the Dungeon)

   [ring of flight]

   Int:       It affects your intelligence (+3).
   rC:        It makes you vulnerable to cold.
   rPois:     It protects you from poison.
   Fly:       It grants you flight.
Wands
 v - a wand of mindburst (11)
 w - a wand of iceblast (5)
Scrolls
 h - 2 scrolls of amnesia
 j - a scroll of poison
 m - a scroll of teleportation
 q - a scroll of immolation {unknown}
 r - a scroll of butterflies {unknown}
Potions
 d - 2 potions of might
 e - 2 potions of curing
 f - a potion of brilliance {unknown}
 k - a potion of mutation
 l - a potion of berserk rage {unknown}
 p - a potion of flight
 s - a potion of lignification
 x - a potion of magic
 A - a potion of heal wounds {unknown}


   Skills:
 + Level 5.1 Fighting
 * Level 6.2 Maces & Flails
 - Level 3.0 Armour
 - Level 3.0 Shields


You had 6 spell levels left.
You didn't know any spells.
Your spell library contained the following spells:

 Spells                   Type           Power      Damage    Failure   Level
 Blink                    Tloc           0%         N/A       61%         2
 Manifold Assault         Tloc           0%         N/A       99%         4
 Storm Form               Tmut/Air       0%         N/A       100%        7


Dungeon Overview and Level Annotations

Branches:
Dungeon (5/15)
 Temple: D:4-7

Altars:
Dithmenos
Nemelex Xobeh

Shops:
D:4 *


Message History

You hit the ogre but do no damage.
The ogre is moderately wounded.
The ogre hits you with a +0 giant club!!
You are too injured to fight recklessly!
You are too injured to fight recklessly!
Unknown command.
You hit the ogre but do no damage.
The ogre is moderately wounded.
You completely miss the ogre.
The ogre is moderately wounded.
The ogre hits you with a +0 giant club!
Unknown command.
Really quaff the potion of lignification?
You turn into a tree.
Your +0 cloak melds into your body.
Your +0 pair of gloves melds into your body.
Your +0 chain mail melds into your body.
Your roots penetrate the ground.
The ogre hits you but does no damage.
Unknown command.
You hit the ogre.
The ogre is moderately wounded.
The ogre hits you with a +0 giant club!!
* * * LOW HITPOINT WARNING * * *
You hit the ogre.
The ogre is heavily wounded.
You closely miss the ogre.
The ogre is heavily wounded.
The ogre hits you but does no damage.
Unknown command.
You hit the ogre but do no damage.
The ogre is heavily wounded.
You block the ogre's attack.
You hit the ogre but do no damage.
The ogre is heavily wounded.
The ogre hits you with a +0 giant club!
* * * LOW HITPOINT WARNING * * *
Unknown command.
You hit the ogre.
The ogre is heavily wounded.
The ogre hits you with a +0 giant club!
You die...

######### #.......#
##.####.###############
#.# #...........†....
##.####################
#.....♣O........
##.######......# ###
......# ......# ......'
......# ....... #.#####


You could see an ogre.

Vanquished Creatures
  A scorpion (D:5)
  A hound (D:4)
  2 jellies
  An orc priest (D:4)
  2 iguanas
  Ijyb (D:4)
  Terence (D:2)
  2 orc wizards (D:5)
  3 adders
  4 gnolls (D:5)
  2 worms
  2 dart slugs
  14 orcs
  7 endoplasms
  2 giant cockroaches
  8 goblins
  7 hobgoblins
  2 jackals (D:3)
  3 quokkas
  3 ball pythons
  5 bats
  5 frilled lizards
  5 kobolds
  5 rats
88 creatures vanquished.

Notes
Turn   | Place    | Note
-------+----------+-------------------------------------------
     0 | D:1      | Gladio the Human Fighter began the quest for the Orb.
     0 | D:1      | Reached XP level 1. HP: 18/18 MP: 1/1
   306 | D:1      | Reached XP level 2. HP: 24/24 MP: 2/2
  1028 | D:2      | Reached skill level 3 in Maces & Flails
  1028 | D:2      | Reached XP level 3. HP: 16/29 MP: 3/3
  1245 | D:2      | Identified the +3 falchion "Viack" {freeze, rElec Will++
                  | Str+5}
  1258 | D:2      | Found a shadowy altar of Dithmenos.
  1285 | D:2      | Reached XP level 4. HP: 35/35 MP: 4/4
  1623 | D:2      | Noticed Terence
  1639 | D:2      | Killed Terence
  2016 | D:3      | Found a sparkling altar of Nemelex Xobeh.
  2021 | D:3      | Reached skill level 4 in Maces & Flails
  2039 | D:3      | Reached XP level 5. HP: 42/42 MP: 5/5
  2654 | D:4      | Identified the +0 robe of Vlad {rElec Int+2}
  2771 | D:4      | Identified the ring "Acoqe Voemn" {Fly rPois rC- Int+3}
  2789 | D:4      | Reached XP level 6. HP: 48/48 MP: 6/6
  2977 | D:4      | Found Teseir's Assorted Antiques.
  2980 | D:4      | Noticed Ijyb
  3006 | D:4      | Killed Ijyb
  3007 | D:4      | Reached skill level 5 in Maces & Flails
  3035 | D:4      | Bought a golden potion for 24 gold pieces
  3035 | D:4      | Bought a scroll of identify for 54 gold pieces
  3670 | D:5      | Entered Level 5 of the Dungeon
  3781 | D:5      | Reached XP level 7. HP: 46/55 MP: 7/7
  4047 | D:5      | Reached skill level 5 in Fighting
  4047 | D:5      | Reached skill level 6 in Maces & Flails
  4132 | D:5      | Mangled by an ogre

Illustrated notes

Levels and vault maps discovered:
D:1:      lightli_arrival_flooded_house, layout_loops_corners,
          minmay_tetromino_o2
D:2:      layout_loops_ring, basic_altar, uniq_terence
D:3:      layout_loops_ring, nemelex_dance_club_becter
D:4:      layout_basic, serial_shops, nicolae_shop_tiny_waterfront, uniq_ijyb
D:5:      layout_basic, minmay_misc_feat_square, kennysheep_nub,
          dk_noncrumbling_3

Skill      XL: |  1  2  3  4  5  6  7 |
---------------+----------------------+-----
Maces & Flails | 3 4 5 6 |  6.2
Fighting       | 4 5 |  5.1
Armour         | |  3.0
Shields        | |  3.0

Action                     |  1- 3 |  4- 6 |  7- 9 || total
---------------------------+-------+-------+-------++-------
  Melee: Flail             |    73 |   184 |    41 ||   298
         Whip              |       |    37 |       ||    37
  Throw: Boomerang         |       |     4 |       ||     4
  Evoke: Wand              |       |       |     1 ||     1
    Use: Scroll            |       |     6 |     2 ||     8
         Potion            |       |     2 |     1 ||     3
 Armour: Scale mail        |     7 |       |       ||     7
         Chain mail        |    28 |    98 |    13 ||   139
         Skin              |       |       |     2 ||     2
  Dodge: Dodged            |    25 |    47 |    16 ||    88
  Block: Buckler           |    18 |    45 |     5 ||    68
